[Event "Romanian Rapid Open 2022"]
[Site "Sebes"]
[Date "2022.12.02"]
[Round "4.1"]
[White "Jianu, Vlad-Cristian"]
[Black "Ghimpu, Samuel-Timotei"]
[Result "0-1"]
[ECO "D02"]
[WhiteElo "2516"]
[BlackElo "2455"]
[Annotator "TA"]
[PlyCount "147"]
[EventDate "2022.12.02"]
[EventType "rapid"]
[EventCountry "ROU"]
[SourceTitle "playchess.com"]
[Source "ChessBase"]
[SourceQuality "1"]
[TimeControl "600+5"]

1. d4 Nf6 2. Nf3 d5 3. g3 c5 4. Bg2 cxd4 5. O-O h6 6. b3 {[%emt 0:00:02] D02: 1 d4 d5 2 Nf3 sidelines, including 2...Nf6 3 g3 and 2...Nf6 3 Bf4.} h5 7. h4 Bg4 {[%emt 0:00:02] [#]} 8. Nxd4 $146 (8. Bb2 $11) ({Predecessor:} 8. Qxd4 Nc6 9. Qb2 g6 10. Nd4 Bg7 11. e3 O-O 12. Nd2 Qb6 13. Nxc6 Qxc6 14. c3 {0-1 (63) Vergara Anton,D (2177)-Sargsyan,S (2639) La Roda 2022}) 8... e5 $15 9. Nf3 Nc6 10. Bb2 Qc7 11. c4 d4 12. Ng5 Rd8 13. Nd2 Be7 14. a3 a5 15. Rc1 Nd7 16. Re1 (16. Nge4 $15) 16... Nc5 $1 $17 17. Nde4 Bxg5 (17... f6 $17 18. Nxc5 fxg5) 18. hxg5 Nxe4 {[%emt 0:00:47] Black is more active.} 19. Bxe4 h4 (19... d3 {simplifies} 20. Bd5 Bxe2 21. Rxe2 dxe2 22. Qxe2 h4) 20. f3 Be6 (20... Bh5 $15 21. Kg2 (21. gxh4 Bg6 $17) 21... hxg3) 21. Kg2 (21. g4 $11) 21... hxg3 {[%emt 0:00:32] Threatens to win with ...Bh3+.} 22. Rh1 {[%emt 0:00:00] Inhibits Bh3+.} Kd7 23. b4 (23. Qd3 $142) 23... axb4 ({Better is} 23... f5 $1 $17 24. gxf6 gxf6 25. Kxg3 f5 26. Bxc6+ Kc8) 24. axb4 $15 Nxb4 (24... Qb6 $17 25. Qa4 Ra8) 25. Qa4+ $11 Nc6 26. Qb5 Kc8 27. Rxh8 Rxh8 28. Ra1 Rh2+ $2 (28... Bd7 $11) 29. Kxg3 $18 Rxe2 (29... Rh8 $142 30. Ra8+ Nb8) 30. Ra8+ $1 Kd7 31. Ba3 {[%emt 0:00:01] Prevents d3. A strong pair of Bishops.} d3 $2 {[%emt 0:00:12] [#]} (31... Ra2 $18 32. Qc5 Rxa3 33. Qxa3 Bxc4) 32. c5 $2 (32. Bf5 $1 {[%mdl 512] mates} e4+ 33. f4 Re3+ 34. Kg4 Qd8 35. Qxb7+ Qc7 36. Qb5 Qd8 37. Rxd8+ Kxd8 38. Qb6+ Kd7 39. Qb7+ Kd8 40. Bd6) 32... Re3 (32... Ra2 $11 33. Ra7 Kc8 34. Ra8+ Kd7) 33. Bc1 $14 {[%emt 0:00:06][%mdl 64] Deflection} Re1 34. Qxd3+ ({White should try} 34. Bd2 $1 $14 Rxe4 35. fxe4) 34... Ke7 $11 {[%emt 0:00:01] Really sharp!} 35. Bd2 Rd1 36. Qc2 {[%emt 0:00:09][%mdl 1024] White has compensation.} (36. Bxc6 $5 bxc6 37. Qa6 e4+ 38. f4 $11) 36... Rh1 37. Kg2 $132 {[%emt 0:00:03][%mdl 2048] White is not holding back} Rh5 (37... Nd4 $2 38. Qa4 Bd7 39. c6 Bxc6 40. Qb4+ Qd6 41. Bxc6 Nxc6 42. Qxb7+ Qd7 43. Qxd7+ Kxd7 44. Kxh1 $18) 38. Qd3 {[%emt 0:00:03] And now Bxc6 would win.} Qd7 (38... Nd4 $2 39. c6 Nxc6 40. Qb5 $18) 39. Be3 Qxd3 (39... Nd4 $2 40. c6 Bh3+ 41. Kf2 bxc6 42. Qa3+ (42. Qc4 Qd6 $11) 42... Ke6 43. Qf8 $18) 40. Bxd3 Bd5 41. Rg8 (41. Bf5 $11) 41... g6 (41... Nd4 {keeps more tension.} 42. Be4 Bc6 43. Rc8 Kd7) 42. Be4 (42. Bb5 $17 {keeps fighting.}) 42... Bxe4 $19 43. fxe4 {[%emt 0:00:01][%mdl 4096] Endgame KRB-KRN} Rh4 44. Kf3 Rh3+ 45. Kf2 Nd8 $1 46. Ke2 Kd7 47. Rf8 Rh7 {[%emt 0:00:04] Inhibits c6+.} 48. Kd3 Ne6 49. Rb8 Kc7 50. Ra8 Rh3 51. Ke2 Nd4+ (51... Rh4 $17 52. Kd3 Rh3) 52. Kd2 (52. Bxd4 $11 exd4 53. Rf8) 52... Nf3+ (52... Rh2+ $15 53. Kd3 Ne6) 53. Ke2 $11 Nd4+ (53... Kd7 $11) 54. Kd2 $15 Ne6 (54... Nc6 $15) 55. Re8 (55. Ke2 $11 {keeps the balance.}) 55... Kd7 $17 56. Rb8 Kc7 57. Re8 Rh7 ({Black should play} 57... Rh2+ $1 $17 58. Kd3 Kd7) 58. Kd3 $11 Kc6 59. Re7 Nxc5+ 60. Bxc5 Kxc5 61. Rxe5+ {[%emt 0:00:03] KR-KR} Kd6 62. Rd5+ Kc6 {[%emt 0:00:08] Strongly threatening ...Rh1.} 63. Kc4 {[%emt 0:00:07] [#]} (63. Kd4 $11 {remains equal.}) 63... Rh1 (63... Rh8 $1 $17) 64. Rc5+ Kd6 {[%emt 0:00:08] ( -> ...Rc1+)} 65. Rd5+ $1 Ke6 {[%emt 0:00:05] aiming for ...Rc1+.} 66. Rb5 Rg1 67. Kd4 {[%emt 0:00:07] Prevents b6.} Rd1+ 68. Ke3 $1 Rd7 69. Rb6+ Ke7 70. e5 Kd8 71. Rb1 Kc7 72. Rc1+ Kb8 73. Ke4 {[%emt 0:00:02] [#]} (73. Rf1 $11) 73... b5 $1 $17 74. Rb1 {[%emt 0:00:17] What a fight!   Weighted Error Value: White=0.29 (precise) /Black=0.37} 0-1

[Event "Romanian Rapid Open 2022"]
[Site "Sebes"]
[Date "2022.12.02"]
[Round "4.2"]
[White "Bulmaga, Irina"]
[Black "Ardelean, George-Catalin"]
[Result "0-1"]
[ECO "B67"]
[WhiteElo "2426"]
[BlackElo "2473"]
[Annotator "TA"]
[PlyCount "158"]
[EventDate "2022.12.02"]
[EventType "rapid"]
[EventCountry "ROU"]
[SourceTitle "playchess.com"]
[Source "ChessBase"]
[SourceQuality "1"]
[TimeControl "600+5"]

1. e4 c5 2. Nf3 d6 3. d4 cxd4 4. Nxd4 Nf6 5. Nc3 Nc6 6. Bg5 e6 7. Qd2 a6 8. O-O-O Bd7 9. f3 Be7 10. h4 h6 {[%emt 0:00:05] B67: Sicilian: Richter-Rauzer: 7...a6 8 0-0-0 Bd7, lines without 9 f4 Be7.} 11. Be3 h5 {[%emt 0:00:02] Prevents g4.} 12. Bg5 Rc8 {[%emt 0:00:56] White is slightly better.} 13. Kb1 Nxd4 14. Qxd4 Qc7 15. Qd2 b5 16. Ne2 a5 17. Nd4 (17. c3 {keeps more tension.} d5 18. Bxf6 Bxf6 19. exd5 b4 20. cxb4 axb4 21. Nf4) 17... Rb8 {[%emt 0:00:08] [#]} 18. Rc1 $146 ({Predecessor:} 18. Bd3 b4 19. f4 a4 20. Rhe1 Qc5 21. Nf3 Bc6 22. e5 Bxf3 23. exf6 Bxd1 24. fxg7 {0-1 (55) Caruana,F (2820)-Bacrot,E (2678) Paris 2021}) 18... O-O 19. c4 bxc4 20. Bxc4 Qb7 (20... Qb6 $5 ) 21. Rc2 (21. Qxa5 $2 Qxb2#) 21... Rfc8 22. Rhc1 a4 23. Bd3 Rxc2 24. Rxc2 (24. Qxc2 d5 25. Qe2 Bd6 $17) 24... e5 25. Ne2 Be6 26. Bc4 (26. Nc3 $11) 26... Bxc4 $15 27. Rxc4 a3 (27... d5 $1 $17 28. Rxa4 dxe4 29. Bxf6 e3) 28. b3 $11 d5 29. exd5 Nxd5 30. Bxe7 Nxe7 31. Qc1 (31. Qd6 $11 Re8 32. Qxa3 (32. Qxe5 Qd7 $11)) 31... Qb5 (31... Qa6 $17 {And now ...Qg6+ would win.} 32. Qc2 Rd8) 32. Ng3 Qd7 ({Black should play} 32... Qa6 $15) 33. Rc7 (33. Qxa3 $11 {keeps the balance.} Qd3+ 34. Ka1) 33... Qe6 $2 (33... Qd3+ $17 {keeps the pressure on.} 34. Rc2 (34. Qc2 Qd4 $17) 34... Rd8) 34. Ne4 (34. Qxa3 $16 Qg6+ 35. Ne4) 34... Nd5 35. Rc6 $36 {[%emt 0:00:09][%mdl 2048] Black is under pressure.} Qd7 36. Qc5 {[%emt 0:00:40] Inhibits Ne3.} (36. Rd6 $5 Qb5 37. Qxa3 $11) 36... Nb4 37. Qd6 (37. Rd6 $5 Qc8 38. Qc3 $11 (38. Qxe5 $2 {leads to mate.} Qc2+ 39. Ka1 Qxa2#)) 37... Qb7 (37... Qxd6 {simplifies} 38. Rxd6 f5 39. Nc3 Kf7) 38. Rc3 Qb5 {[%emt 0:00:06] ...Qf1+ is the strong threat.} 39. Ng5 Rf8 {[%emt 0:00:21][%cal Ob5e2] ( -> ...Qe2!)} 40. Rc4 Na6 (40... Nd5 $11 {and Black has nothing to worry.}) 41. Qxa3 $18 Rd8 42. Ne4 Nb8 43. Qb2 ({Don't take} 43. Qc5 Qxc5 44. Rxc5 f6 $18) (43. Qe7 $18 {and White stays clearly on top.} Rf8 44. Kb2) 43... Nc6 $16 44. a4 Qb6 45. Rc2 $2 (45. Ka2 $16) 45... Nd4 $2 {[%emt 0:00:07] [#]} (45... Rd1+ $19 46. Rc1 Rxc1+ 47. Qxc1 Qxb3+ 48. Qb2 Qd1+ 49. Qc1 Qxa4) 46. Rc3 $1 Rb8 47. Ka2 Qa5 {[%emt 0:00:08] [#]} (47... Qa6 $142) 48. Nc5 (48. Qc1 $1 $16) 48... Qd8 ({Black should try} 48... Rb5 $14) 49. b4 (49. Qf2 $16) 49... Qd5+ (49... Qxh4 $14 50. Rc4 Qf6) 50. Ka3 (50. Kb1 $16) 50... Nc6 (50... Ra8 $1 $14 51. b5 Ra5) 51. b5 $18 {[%emt 0:00:13] Hoping for Na6.} Nd4 (51... Qd6 $142 52. Ka2 Nd4) 52. Qa2 $4 {[%emt 0:00:05][%mdl 8192] [#]} (52. Qb4 $18) 52... Nxb5+ $1 $19 53. axb5 Ra8+ {[%emt 0:00:01][%mdl 64] Skewer} 54. Na6 Qxb5 55. Qb3 Qxa6+ {[%emt 0:00:04][%mdl 4096] Endgame KQR-KQR} 56. Kb2 Qa1+ 57. Kc2 Qf1 58. Qd5 Qxg2+ 59. Kd3 Qf1+ 60. Ke3 Qe1+ 61. Kd3 Qd1+ 62. Ke4 Qxd5+ (62... Qe2+ $142 63. Kf5 Ra4 64. Qe4 Rxe4 65. fxe4 Qf2+ 66. Kxe5 Qf6+ 67. Kd5 Qxc3 68. e5 Kf8 69. Ke4 Ke8 70. Kf4 Ke7 71. e6 Kxe6 72. Ke4 f5+ 73. Kf4 Qh3 74. Kg5 Qg4#) 63. Kxd5 {[%emt 0:00:02] KR-KR} Ra4 64. Kxe5 Rxh4 65. Kf5 g6+ 66. Ke5 Kg7 67. Rc7 Ra4 {[%emt 0:00:04] Threatens to win with ...h4.} 68. Rb7 Ra5+ 69. Kf4 Rf5+ 70. Ke4 h4 71. f4 h3 {[%emt 0:00:09] Black mates.} 72. Rb2 Rh5 73. Rh2 Kf6 74. Kf3 Kf5 75. Kg3 Ke4 76. Re2+ Kd3 77. Rh2 Ke3 78. Kg4 f5+ 79. Kg3 Rh7 {[%emt 0:00:07] Weighted Error Value: White=0.62/Black=0.42} 0-1

[Event "Romanian Rapid Open 2022"]
[Site "Sebes"]
[Date "2022.12.02"]
[Round "4.3"]
[White "Gavrilescu, David"]
[Black "Soltanici, Ruslan"]
[Result "1/2-1/2"]
[ECO "C45"]
[WhiteElo "2523"]
[BlackElo "2357"]
[Annotator "TA"]
[PlyCount "96"]
[EventDate "2022.12.02"]
[EventType "rapid"]
[EventCountry "ROU"]
[SourceTitle "playchess.com"]
[Source "ChessBase"]
[SourceQuality "1"]
[TimeControl "600+5"]

1. e4 e5 2. Nf3 Nc6 3. d4 exd4 4. Nxd4 Nf6 5. Nxc6 bxc6 6. e5 Qe7 7. Qe2 Nd5 8. c4 Ba6 9. Nd2 Nb6 10. b3 {[%emt 0:02:00] C45: Scotch Game.} O-O-O 11. Bb2 d5 12. exd6 {[%emt 0:00:03] White is better.} Qxe2+ 13. Bxe2 cxd6 14. O-O-O (14. O-O $5 ) 14... f6 {[%emt 0:00:13] [#]} 15. a4 $146 ({Predecessor:} 15. Rhe1 d5 16. cxd5 Bxe2 17. Rxe2 Nxd5 18. Nf3 Nf4 19. Rxd8+ Kxd8 20. Re4 Nd3+ 21. Kc2 Nxb2 22. Kxb2 {1-0 (73) Bodrozic,T (2362)-Neidig,S (2230) Baden 2018}) 15... d5 16. a5 (16. Nf3 $5 ) 16... Nd7 17. Bg4 Kb8 (17... Kc7 {with more complications.} 18. Kc2 Bb4 19. cxd5 Nc5) 18. Nf3 {[%emt 0:00:12][%cal Bd2f3,Bf3d4,Bd4c6][%mdl 32] Against Ne5} Bb4 19. Nd4 Ne5 {[%emt 0:00:14] [#]} 20. f4 $1 $36 {[%emt 0:00:25][%mdl 2048] Prevents c5. White fights for an advantage.} Nxg4 21. Nxc6+ Kb7 22. Nxb4 dxc4 23. Rhe1 Rxd1+ (23... cxb3 $2 24. Re7+ Kc8 25. Nxa6 $18) 24. Rxd1 {[%emt 0:00:02] Threatens to win with Rd7+.} Bb5 {[%emt 0:00:10] Prevents Rd7+.} 25. bxc4 ({Better is} 25. a6+ $1 $16 Kb6 26. Bd4+ Ka5 27. Nd5 cxb3 28. h3) 25... Ba4 (25... Rc8 $11 {remains equal.} 26. Rd4 (26. a6+ Kb6 $11) 26... Nxh2) 26. Re1 $16 {[%emt 0:00:08] Hoping for Re7+.} Rc8 {[%emt 0:00:10] [#]} 27. Re7+ $1 Rc7 (27... Ka8 $142) 28. a6+ Kc8 29. Rxc7+ Kxc7 $18 {[%emt 0:00:00][%mdl 4096] Endgame KBN-KBN} 30. Bd4 Bb3 31. h3 Nh6 32. Nd5+ ({Much less strong is} 32. Bxa7 Bxc4 33. Bc5 Kb8) 32... Kb8 33. Ne3 Nf7 34. Kb2 Ba4 35. Nf5 {[%emt 0:00:07] White is more active.} g6 (35... g5 $16 36. fxg5 (36. Bxf6 gxf4 37. Ne7 Bd1 $18) 36... fxg5) 36. Ka3 Bc6 37. Ne3 f5 38. Kb4 Nd8 39. g4 Be4 40. Be5+ Kc8 41. Nd5 $2 (41. gxf5 $18 {And now f6 would win.} gxf5 42. Nd5) 41... fxg4 $1 $11 42. hxg4 h5 $1 43. gxh5 gxh5 44. Bf6 {[%emt 0:00:02] Bh4 is the strong threat.} Ne6 45. f5 $1 Nc7 {[%emt 0:00:06] [#]} 46. Ne7+ (46. Nxc7 $1 $16 {aiming for Nd5.} Kxc7 47. Be5+ Kd7 48. f6) 46... Kd7 {[%emt 0:00:01] The position is equal.} 47. Kc3 Nxa6 48. Kd4 Bxf5 {[%emt 0:00:27] Black defended with fortune.   Weighted Error Value: White=0.26 (precise) /Black=0.17 (very precise)} 1/2-1/2

[Event "Romanian Rapid Open 2022"]
[Site "Sebes"]
[Date "2022.12.02"]
[Round "4.4"]
[White "Stoleriu, George"]
[Black "Miron, Lucian-Costin"]
[Result "0-1"]
[ECO "B23"]
[WhiteElo "2389"]
[BlackElo "2510"]
[Annotator "TA"]
[PlyCount "110"]
[EventDate "2022.12.02"]
[EventType "rapid"]
[EventCountry "ROU"]
[SourceTitle "playchess.com"]
[Source "ChessBase"]
[SourceQuality "1"]
[TimeControl "600+5"]

1. e4 c5 2. Nc3 a6 3. f4 b5 4. Nf3 Bb7 5. d3 e6 6. g3 Nf6 7. Bg2 d5 {[%emt 0:00:00][%cal Rd5e4] B23: Closed Sicilian: Lines without g3.} 8. e5 {[%emt 0:00:04] Hoping for f5.} Ng8 (8... Nfd7 $11) 9. d4 {[%emt 0:00:08] [#]} (9. f5 $14 exf5 10. O-O) 9... Nh6 $146 {[%emt 0:00:43] The position is equal.} ({Predecessor:} 9... g6 10. Be3 Qb6 11. dxc5 Bxc5 12. Bxc5 Qxc5 13. Qd4 Nd7 14. a3 Ne7 15. Qxc5 Nxc5 {0-1 (32) Bowler,J-Giroyan,G (2041) Mureck 2008}) 10. Ne2 cxd4 (10... Nc6 $11) 11. Nexd4 $14 Nc6 12. Nxc6 Bxc6 13. Nd4 Bd7 14. Be3 Rc8 15. O-O Bc5 16. Kh1 (16. c3 $14) 16... O-O 17. Qe2 f6 (17... b4 $5 ) 18. exf6 Qxf6 19. Rad1 Nf5 20. Nxf5 Qxf5 21. c3 a5 22. Bxc5 Rxc5 23. g4 Qf7 24. Qe3 Rfc8 25. f5 b4 ({Black should play} 25... exf5 $11 26. gxf5 Qf6) 26. cxb4 $1 axb4 27. fxe6 Qxe6 28. Qd4 b3 29. axb3 (29. Bxd5 $2 Rxd5 $1 30. Qxd5 Bc6 $19) 29... h6 (29... Bb5 $2 30. Rfe1 (30. Bxd5 $2 Rxd5 31. Qxd5 Bc6 $19) 30... Qd7 31. Re5 $16 (31. Bxd5+ $2 Qxd5+ 32. Qxd5+ Rxd5 $19)) 30. Rf5 (30. Bxd5 $2 {[#] loses.} Rxd5 $1 31. Qxd5 Bc6 $19) 30... Kh8 31. Rxd5 ({Much worse is} 31. Bxd5 Rxd5 32. Rxd5 (32. Qxd5 $2 {perishes.} Bc6 $19) 32... Bc6 $15) 31... Rxd5 32. Qxd5 Qxd5 33. Bxd5 Bxg4 {[%emt 0:00:02][%mdl 4096] Endgame KRB-KRB} 34. Rg1 ({White should try} 34. Ra1 $1 $14) 34... h5 35. Re1 Rd8 36. Bc6 Rd2 37. b4 Rxb2 38. b5 Kh7 39. Kg1 Kh6 40. Re5 g6 41. Rc5 h4 42. Be4 Re2 43. Bd3 Rd2 44. Be4 {[%emt 0:00:01] Black must now prevent b6.} Re2 {[%emt 0:00:02] Prevents b6.} 45. Bd3 Rd2 46. Be4 {[%emt 0:00:01] Threatens to win with b6.} Re2 {[%emt 0:00:05] Prevents b6.} 47. Bc2 Bf3 48. Rc3 Bb7 49. h3 Kg5 50. Rc5+ Kf4 51. Bxg6 $2 {[%emt 0:00:01][%mdl 8192] This costs White the game.} (51. Rc7 $11) 51... Rg2+ 52. Kf1 Rxg6 53. Rc4+ Kg3 (53... Be4 $142 54. Ke2 Rg2+ 55. Kd1 Rb2 56. Rc3 Rxb5 57. Ra3 Rb2 58. Kc1 Rc2+ 59. Kd1 Rg2 60. Rc3 Rg3 61. Rc8 Rxh3 62. Kd2 Rd3+ 63. Ke2 h3 64. Rh8 Bf5 65. Rh4+ Kg3 66. Rh6 h2 67. Rh8 Kg2 68. Rg8+ Rg3 69. Rh8 h1=Q 70. Rxh1 Kxh1 71. Kf1 Kh2 72. Ke2 Rd3 73. Ke1 Kg1 74. Ke2 Kg2 75. Ke1 Kf3 76. Kf1 Rd1#) 54. Rc3+ $19 Kh2 55. Rc7 Rb6 {[%emt 0:00:02] Weighted Error Value: White=0.38/Black=0.29 (precise)} 0-1

[Event "Romanian Rapid Open 2022"]
[Site "Sebes"]
[Date "2022.12.02"]
[Round "4.6"]
[White "Secheres, Adrian-Simion"]
[Black "Nevednichy, Vladislav"]
[Result "0-1"]
[ECO "D37"]
[WhiteElo "2365"]
[BlackElo "2499"]
[Annotator "TA"]
[PlyCount "78"]
[EventDate "2022.12.02"]
[EventType "rapid"]
[EventCountry "ROU"]
[SourceTitle "playchess.com"]
[Source "ChessBase"]
[SourceQuality "1"]
[TimeControl "600+5"]

1. d4 Nf6 2. c4 e6 3. Nf3 d5 4. Nc3 Nbd7 5. Bf4 dxc4 6. e3 Nd5 7. Bxc4 Nxf4 8. exf4 Nb6 {[%emt 0:00:02] Inhibits f5. 8...Nb6 is better than 8...Bd6. D37: Queen's Gambit Declined: 5 Bf4.} 9. O-O c6 {[%emt 0:00:48] [#]} (9... Nxc4 $5 10. Qa4+ $8 c6 11. Qxc4 Be7 $11) 10. Bd3 $146 ({Predecessor:} 10. Bb3 Be7 11. Ne5 O-O 12. Qd2 c5 13. Rad1 cxd4 14. Qe2 a5 15. Nb5 Bc5 16. Qe4 {1-0 (24) Lomaia,D (1946)-Bures,V (2119) Chess.com INT 2021}) 10... g6 {[%emt 0:00:03] The position is equal.} 11. Re1 Be7 12. Ne4 O-O 13. Qe2 a5 14. Rad1 a4 15. a3 $1 Ra5 16. Bb1 Rb5 17. Ne5 Rd5 18. Ba2 Rb5 (18... Rxd4 $2 19. Rxd4 Qxd4 20. Rd1 $18) 19. Rd3 Kg7 20. g3 (20. Qc2 {simplifies} f6 21. Nc4 Nxc4 22. Bxc4 Rf5 23. Nc3) 20... Nd5 21. h4 f6 22. Nf3 Bd7 23. Bc4 Ra5 24. Nc3 Re8 25. h5 (25. Bxd5 $16 cxd5 26. h5) 25... Bf8 ({Resist} 25... gxh5 26. Bxd5 exd5 27. Re3 $16) (25... Nxc3 $11 {keeps the balance.} 26. h6+ Kxh6 27. Rxc3 b5) 26. Ba2 (26. hxg6 $16 hxg6 27. Ba2) 26... Nxc3 $11 27. Rxc3 Rxh5 28. Re3 Rb5 29. Bc4 Rb6 30. Qc2 c5 31. d5 $2 {[%emt 0:00:23] [#] This costs White the game.} (31. Rd1 $11 Rd6 32. dxc5 Rxd1+ 33. Qxd1) 31... exd5 $19 32. Bxd5 Rxe3 33. Rxe3 Bf5 34. Qc4 (34. Be4 {was the crucial defense.} Bxe4 35. Rxe4) 34... Rxb2 {[%emt 0:00:17] Black is clearly winning.} 35. Nh4 Bc2 {[%emt 0:00:31] [#] Strongly threatening ...b5.} 36. Bf3 Bb3 37. Qe4 Bf7 38. Qxa4 c4 {[%emt 0:00:09] Threatens to win with ...Bc5.} 39. Qa7 {[%emt 0:00:35] Prevents Bc5.} Qb6 {[%emt 0:00:12] Weighted Error Value: White=0.71/Black=0.18 (very precise)} (39... Qd2 $142 40. Re4 b6) 0-1

[Event "Romanian Rapid Open 2022"]
[Site "Sebes"]
[Date "2022.12.02"]
[Round "4.7"]
[White "Talu, Mircea"]
[Black "Dragomirescu, Robin-Alexandru"]
[Result "0-1"]
[ECO "E60"]
[WhiteElo "2327"]
[BlackElo "2337"]
[Annotator "TA"]
[PlyCount "124"]
[EventDate "2022.12.02"]
[EventType "rapid"]
[EventCountry "ROU"]
[SourceTitle "playchess.com"]
[Source "ChessBase"]
[SourceQuality "1"]
[TimeControl "600+5"]

1. Nf3 Nf6 2. b3 g6 3. Bb2 Bg7 4. c4 O-O 5. g3 d6 6. d4 e5 7. dxe5 {[%emt 0:00:07] E60: King's Indian: Unusual lines and Fianchetto Variation without Nc3.} Ng4 {[%emt 0:01:22][%cal Rd6e5] 7...dxe5 might become the main line.} 8. Nc3 dxe5 {[%emt 0:01:38][%cal Oe5e4] [#]} 9. Qxd8 $146 {[%emt 0:05:04] White is slightly better.} (9. h3 {with more complications.} e4 10. Qxd8 Rxd8 11. Ng5) ({Predecessor:} 9. h3 e4 10. Qxd8 Rxd8 11. Ng5 Nf6 12. Bg2 Re8 13. O-O-O Bh6 14. h4 Bd7 15. e3 {1-0 (30) Kurajica,B (2516)-Videnova,I (2305) Split 2013}) 9... Rxd8 10. Nd5 (10. h3 $5 e4 11. Ng5 $14 (11. Nxe4 $2 Bxb2 12. Rb1 Nf6 $19) (11. hxg4 exf3 12. exf3 Na6 $11)) 10... Na6 11. h3 {[%emt 0:01:00] Against e4} Nf6 12. Ne7+ Kf8 13. Nxc8 Raxc8 14. Bg2 (14. Bxe5 Nb4 15. Rc1 Nxa2 $15) 14... Nb4 {[%emt 0:04:50] [#] And now ...Nc2+ would win.} 15. O-O (15. Bxe5 $2 {too greedy.} Nc2+ 16. Kf1 Nxa1 $19) 15... Nd7 16. Bc3 {[%emt 0:01:24] This pair of bishops is nice.} a5 17. a3 Nc6 18. Ng5 {[%emt 0:00:24] Against e4} h6 19. Bxc6 bxc6 20. Nf3 e4 21. Bxg7+ Kxg7 22. Nd4 Ne5 23. Rfd1 Rb8 24. Rab1 {[%emt 0:00:14] Black keeps a firm grip on the game.} (24. b4 $15) 24... Rd6 (24... a4 $19 {Threatens to win with ...axb3.} 25. b4 c5) 25. Kf1 $2 {[%emt 0:00:05][%mdl 8192] [#]} (25. c5 $15 Rd5 26. e3) 25... Rbd8 $1 $19 26. e3 c5 27. b4 axb4 ({Not} 27... Nxc4 28. bxc5 Rd5 29. Rb7 $11) 28. axb4 cxd4 29. c5 Rd5 {[%emt 0:00:01] White must now prevent ...d3.} 30. exd4 Rxd4 31. Rxd4 Rxd4 {[%emt 0:00:01][%mdl 4096] Endgame KRN-KR} 32. b5 Nd7 33. b6 cxb6 ({Don't do} 33... Nxc5 34. bxc7 $18) 34. cxb6 Nb8 35. Ke2 Rd3 36. b7 Kf6 37. Rc1 Rd7 38. Rb1 Ke5 39. Rb5+ Kd4 40. Rb1 f5 41. h4 Rd6 {[%emt 0:00:02] Inhibits Rb6.} 42. Rc1 (42. h5 $142 gxh5 43. Rb5) 42... Rb6 43. Rc7 Rb2+ 44. Kf1 Ke5 45. h5 gxh5 46. Rh7 h4 {[%emt 0:00:10] aiming for ...hxg3.} 47. gxh4 Kf4 48. Rxh6 Rxb7 49. h5 Kg5 50. Rh8 Nc6 51. Kg2 Ne5 52. Kg3 f4+ 53. Kg2 Ng4 (53... Kh4 $142 54. Rg8 f3+ 55. Kh1 Ng4 56. Rxg4+ Kxg4 57. Kh2 Rh7 58. h6 Rxh6+ 59. Kg1 Rh4 60. Kf1 Rh1#) 54. Re8 {[%emt 0:00:03] Black is clearly winning.} Nf6 55. Re5+ Kg4 56. Re6 Kf5 57. Ra6 Nxh5 58. Kh3 Nf6 59. Ra5+ Kg6 60. Re5 Rd7 61. Kg2 Rd5 62. Re7 Kf5 {[%emt 0:00:01] Weighted Error Value: White=0.52/Black=0.19 (very precise)} 0-1

[Event "Romanian Rapid Open 2022"]
[Site "Sebes"]
[Date "2022.12.02"]
[Round "4.8"]
[White "Ileana, George"]
[Black "Filip, Andrei"]
[Result "1-0"]
[ECO "B41"]
[WhiteElo "2343"]
[BlackElo "2331"]
[Annotator "TA"]
[PlyCount "121"]
[EventDate "2022.12.02"]
[EventType "rapid"]
[EventCountry "ROU"]
[SourceTitle "playchess.com"]
[Source "ChessBase"]
[SourceQuality "1"]
[TimeControl "600+5"]

1. e4 c5 2. Nf3 e6 3. d4 cxd4 4. Nxd4 a6 5. c4 Nf6 6. Nc3 Bb4 7. Bd3 Nc6 8. Nxc6 dxc6 9. O-O e5 10. Qc2 O-O {[%emt 0:00:15] B41: Sicilian: Kan Variation: 5 c4.} 11. a3 Bc5 12. b4 Bd4 {[%emt 0:00:18] The position is equal.} 13. Bg5 Qe7 (13... h6 $5 14. Bc1 Nh5 $15) 14. Rad1 a5 {[%emt 0:00:19] [#]} (14... h6 $142 15. Bd2 Bg4) 15. Qb3 $146 (15. Ne2 $1 $11 {remains equal.}) ({Predecessor:} 15. Ne2 axb4 16. axb4 c5 17. Nxd4 cxd4 18. c5 h6 19. Bd2 Be6 20. Ra1 Nd7 21. f4 {0-1 (51) Fernandez,M (1975)-Tavzarashvili,G (1692) Al Ain 2013}) 15... Bg4 {[%emt 0:00:58] Strongly threatening ...axb4.} 16. Rd2 axb4 17. axb4 Ra7 (17... h6 $17 18. Bh4 g5) 18. h3 $15 Bh5 19. Ra2 Rfa8 (19... Rxa2 $15 20. Nxa2 h6) 20. Rxa7 $11 Rxa7 21. Kh1 (21. g4 $5 ) 21... Bxc3 22. Qxc3 Nxe4 23. Bxe7 (23. Bxe4 $11 Qxg5 24. Qd3) 23... Nxc3 $15 24. Rc1 {[%emt 0:00:14] Prevents e4.} Ne2 25. Re1 Nf4 26. Rxe5 (26. Bf5 $15) 26... Nxd3 $17 27. Rxh5 Nxf2+ $15 {[%emt 0:00:25][%mdl 4096] Endgame KRB-KRN} 28. Kh2 Nd3 (28... Ra2 $1 $17 29. Re5 Nd3) 29. Rh4 {[%emt 0:00:12] aiming for Rd4.} f6 30. Rd4 {[%emt 0:00:11] Against b5} Ne5 31. Bd6 Ng6 (31... Nf7 $1 $17) 32. b5 Ra4 33. b6 Kf7 (33... Ra8 $1 $15) 34. Bc7 Ke6 35. Rd8 {[%emt 0:00:16] Against Nf8} Rxc4 36. Rb8 Rb4 37. Rxb7 c5 38. Rb8 (38. Bd8 $11) 38... Kd7 (38... h5 $17 39. b7 Ne7) 39. Rg8 c4 40. Rxg7+ Kc6 (40... Ne7 $1 $17 {Hoping for ...c3.} 41. Bf4 Rxb6 42. Rxh7 c3) 41. Bd8 $11 Ne5 42. Rxh7 {[%emt 0:00:09] And now Rc7+ would win.} (42. Rc7+ {simplifies} Kd5 43. Bxf6 Rxb6 44. Bxe5 Kxe5 45. Rxc4 Kf6 46. Rc5) 42... Kd5 43. b7 c3 $2 ({Black should try} 43... Ke6 $1 $14) 44. Bxf6 $18 {[%emt 0:00:15] Threatens to win with Rh5.} c2 {[%emt 0:00:09] [#]} 45. Bg5 {[%emt 0:00:03] Against c1Q} (45. Rc7 $1 $18) 45... Kc6 $1 $14 46. Re7 Nd3 {[%emt 0:00:04] [#] White stays focused until the end.} (46... Kd6 $14) 47. Re2 $1 $18 Rb2 $2 {[%emt 0:00:05] [#]} (47... Rxb7 $18 48. Rxc2+ Kd5) 48. Rxc2+ $3 {[%emt 0:00:07][%mdl 512] White mates.} Kxb7 49. Rxb2+ Nxb2 {[%emt 0:00:01] KB-KN} 50. Kg3 Kc6 51. Kg4 Kd6 52. Kf5 Kd7 53. h4 Ke8 54. g4 Nc4 55. Bf4 Kf7 56. g5 Nb6 57. g6+ Kg8 58. h5 Nd5 59. Bg5 Kg7 60. h6+ Kg8 61. Bf6 {[%emt 0:00:04] Weighted Error Value: White=0.27 (precise) /Black=0.42} 1-0